 Dungeon Crawl Stone Soup version 0.31-a0-198-g2ad674f65e (webtiles) character file.

Game seed: 9139522033656334929

156 Dylgear the Shield-Bearer (level 5, -6/42 HPs)
             Began as a Formicid Fighter on June 25, 2023.
             Succumbed to Ijyb's poison
             ... on level 3 of the Dungeon.
             The game lasted 00:06:26 (2054 turns).

Dylgear the Shield-Bearer (Formicid Fighter)        Turns: 2054, Time: 00:06:26

Health: -6/42      AC:  9    Str: 20    XL:     5   Next: 64%
Magic:  5/5        EV:  8    Int:  8    God:
Gold:   93         SH:  5    Dex: 15    Spells: 4/4 levels left

rFire   . . .        a - +0 war axe
rCold   . . .        c - +0 buckler
rNeg    . . .        i - +0 chain mail
rPois   .            (helmet unavailable)
rElec   .            (no cloak)
rCorr   .            (no gloves)
SInv    +            (no boots)
Will    .....        (no amulet) Stlth
                     (no ring)
HPRegen 0.27/turn    (no ring)
MPRegen 0.09/turn

%: no passive effects
@: brilliant, lethally poisoned (-6 -> -37), attractive
A: permanent stasis, dig shafts and tunnels, antennae 3, four strong arms
a: Dig, Shaft Self


You were on level 3 of the Dungeon.
You visited 1 branch of the dungeon, and saw 3 of its levels.

You collected 141 gold pieces.
You spent 48 gold pieces at shops.

Inventory:

Hand Weapons
 a - a +0 war axe (weapon)
Missiles
 e - 2 boomerangs
Armour
 c - a +0 buckler (worn)
 i - a +0 chain mail (worn)
Wands
 d - a wand of polymorph (11)
Scrolls
 b - a scroll of amnesia {unknown}
 h - 3 scrolls of identify
Potions
 g - a potion of brilliance


   Skills:
 + Level 3.9 Fighting
 * Level 3.9 Axes
 * Level 3.9 Armour
 + Level 0.4 Dodging
 * Level 4.9 Shields


You had 4 spell levels left.
You didn't know any spells.
Your spell library contained the following spells:

 Spells                   Type           Power      Damage    Failure   Level
 Summon Small Mammal      Summ           0%         N/A       99%         1
 Cigotuvi's Dreadful Rot  Necr/Pois/Air  0%         N/A       99%         2
 Call Canine Familiar     Summ           0%         N/A       100%        3
 Ignite Poison            Fire/Tmut/Pois 0%         N/A       100%        3
 Summon Guardian Golem    Hex/Summ       0%         N/A       100%        3
 Freezing Cloud           Conj/Ice/Air   0%         6-21      100%        5


Dungeon Overview and Level Annotations

Branches:
Dungeon (3/15)

Altars:
Makhleb
Ru

Shops:
D:2 ?

Annotations:
D:3 Ijyb


Innate Abilities, Weirdness & Mutations

You cannot be hasted, slowed, berserked, paralysed or teleported.
You can dig through walls and to a lower floor.
You have a pair of large antennae on your head. (SInv)
Your four strong arms can wield two-handed weapons with a shield.


Message History

The adder bites you but does no damage. x2
It was a potion of brilliance.
You feel clever all of a sudden. Ijyb hits you but does no damage.
You are poisoned.
You block the adder's attack.
It was a potion of attraction.
You feel attractive to monsters.
You feel sick. The adder bites you but does no damage. Ijyb barely misses you.
You hit Ijyb.
Ijyb is lightly wounded.
You miss the adder.
You feel sick. The adder barely misses you.
Ijyb hits you with a +3 dagger of venom.
You are more poisoned.
The adder barely misses you. Ijyb hits you but does no damage.
You are lethally poisoned!
Unknown command.
You closely miss Ijyb.
Ijyb is lightly wounded.
You closely miss the adder.
You feel extremely sick. The adder barely misses you.
Ijyb hits you but does no damage.
You are more poisoned.
The adder bites you.
* * * LOW HITPOINT WARNING * * *
You are more poisoned.
The adder poisons you!
You closely miss Ijyb.
Ijyb is lightly wounded.
You hit the adder.
* * * LOW HITPOINT WARNING * * *
You feel extremely sick. The adder bites you but does no damage.
Ijyb hits you but does no damage.
You are more poisoned.
The adder bites you but does no damage.
Ijyb zaps a wand.
The bolt of acid misses you.
You barely miss Ijyb.
Ijyb is lightly wounded.
You closely miss the adder.
You die...

........#.#######
#..##.....
........#.#.....#
#..##.....
........#.#.....#
#...#.....
#####+###.'.....+
..#.#.....
###.....#########..
###..........
#.)....[...
+..........
#..@g......
#..S.......
#..........
#..........
#..........
#..........
#..........
#..........


You could see Ijyb and an adder.

Vanquished Creatures
  A hound (D:2)
  Robin (D:2)
  4 adders
  A worm (D:2)
  A dart slug (D:1)
  6 bats
  5 endoplasms
  12 goblins
  10 hobgoblins
  4 jackals
  7 kobolds
  A quokka (D:2)
  7 ball pythons
  6 frilled lizards
  6 rats
72 creatures vanquished.

Notes
Turn   | Place    | Note
-------+----------+-------------------------------------------
     0 | D:1      | Dylgear the Formicid Fighter began the quest for the Orb.
     0 | D:1      | Reached XP level 1. HP: 18/18 MP: 1/1
    64 | D:1      | Found a faded altar of an unknown god.
   103 | D:1      | Reached XP level 2. HP: 24/24 MP: 2/2
   283 | D:1      | Reached XP level 3. HP: 29/29 MP: 3/3
   889 | D:2      | Found Qaxuakhais's Magic Scroll Shoppe.
   900 | D:2      | Bought a scroll of identify for 24 gold pieces
   900 | D:2      | Bought a scroll of identify for 24 gold pieces
   919 | D:3      | Reached XP level 4. HP: 24/36 MP: 4/4
  1134 | D:2      | Noticed Robin
  1151 | D:2      | Killed Robin
  1152 | D:2      | Reached XP level 5. HP: 11/42 MP: 5/5
  1888 | D:3      | Found a burning altar of Makhleb.
  1889 | D:3      | Found a sacrificial altar of Ru.
  2043 | D:3      | Noticed Ijyb
  2054 | D:3      | Succumbed to Ijyb's poison

Illustrated notes

Levels and vault maps discovered:
D:1:      saegor_arrival_simple_d, layout_loops_ring,
          shapermc_ecumenical_altar_gd, dreamdust_princess_bridge
D:2:      layout_rooms, serial_shops, shop_scrolls, grunt_ministairs_3,
          minmay_misc_feat_tower, uniq_robin
D:3:      layout_basic, nicolae_overflow_squiral, serial_bayou_pond_a, uniq_ijyb

Skill      XL: |  1  2  3 |
---------------+----------+-----
Axes           | 3 |  3.9
Fighting       | |  3.9
Armour         | |  3.9
Dodging        | |  0.4
Shields        | |  4.9

Action                     |  1- 3 |  4- 6 || total
---------------------------+-------+-------++-------
  Melee: War axe           |    86 |    90 ||   176
Ability: Dig               |       |     1 ||     1
    Use: Scroll            |       |     8 ||     8
         Potion            |       |     4 ||     4
 Armour: Scale mail        |    51 |    35 ||    86
         Chain mail        |       |    27 ||    27
  Dodge: Dodged            |    48 |    43 ||    91
  Block: Buckler           |    24 |    39 ||    63

Table legend: (Time is in decaauts)
 A = Elapsed time spent in this place.
 B = Non-inter-level travel time spent in this place.
 C = Inter-level travel time spent in this place.
 D = Time resting spent in this place.
 E = Time spent auto-exploring this place.
 F = Levels seen in this place.
 G = Mean time per level.
                   A        B        C        D        E       F      G
               +--------+--------+--------+--------+--------+-----+--------+
         Total |   2124 |   1988 |    136 |    191 |   1185 |   3 |  708.0 |
       Dungeon |   2124 |   1988 |    136 |    191 |   1185 |   3 |  708.0 |
               +--------+--------+--------+--------+--------+-----+--------+

Top non-repeatable levels by time:
     D:1: 856 daAuts
     D:2: 765 daAuts
     D:3: 501 daAuts
